 Dungeon Sprint DCSS version 0.30-a0-939-gc8157cb160 (webtiles) character file.

Game seed: 3219845078918848696

951 dialectric the Fighter (level 8, -12/57 HPs)
             Began as a Gargoyle Fighter on Mar 25, 2023.
             Was an Initiate of Trog.
             Mangled by a tentacle (22 damage)
             ... attached to a kraken
             ... in the Dungeon (Sprint II: "The Violet Keep of Menkaure").
             The game lasted 00:01:17 (173 turns).

dialectric the Fighter (Gargoyle Fighter)            Turns: 173, Time: 00:01:18

Health: -12/57     AC: 14    Str: 20    XL:     8   Next: 13%
Magic:  8/8        EV: 11    Int:  9    God:    Trog [......]
Gold:   729        SH:  0    Dex: 11    Spells: 7/7 levels left

rFire   . . .      SeeInvis .    a - +0 flail
rCold   . . .      Faith    .    (no shield)
rNeg    + . .      Spirit   .    b - +0 scale mail
rPois   ∞          Reflect  .    (no helmet)
rElec   +          Rampage  .    (no cloak)
rCorr   .          NoTele   +    (no gloves)
Will    .....                    (no boots) Stlth
                                 (no amulet)
HPRegen 0.29/turn                (no ring)
MPRegen 0.11/turn                (no ring)

@: no status effects
A: sickness immunity, AC +5, negative energy resistance 1, electricity
resistance, torment resistance 1, petrification resistance
a: Renounce Religion


You were in the Dungeon.
You worshipped Trog.
Trog was noncommittal.
You visited 1 branch You collected 729 gold pieces.

Inventory:

Hand Weapons
 a - a +0 flail (weapon)
Armour
 b - a +0 scale mail (worn)
 c - a +0 buckler
Potions
 g - a potion of haste
 h - 2 potions of magic


   Skills:
 + Level 10.0 Fighting
 * Level 9.8 Maces & Flails
 + Level 10.0 Armour
 - Level 4.9 Dodging
 - Level 6.4 Shields


You had 7 spell levels left.
You didn't know any spells.
Your spell library was empty.

Dungeon Overview and Level Annotations

Branches:
Dungeon (1/1)

Altars:
Cheibriados
Dithmenos
Elyvilon
Fedhas
Gozag
Hepliaklqana
Kikubaaqudgha
Makhleb
Nemelex Xobeh
Okawaru
Qazlal
Ru
Sif Muna
Trog
Uskayaw
Vehumet
Wu Jian
Xom
Yredelemnul
Zin
The Shining One
Jiyva
Lugonu

Shops:
D !=*!


Innate Abilities, Weirdness & Mutations

You are immune to sickness and miasma.
Your stone body is resilient. (AC +5)
You are immune to poison.
You resist negative energy. (rN+)
You are resistant to electric shocks. (rElec)
You are resistant to unholy torment.
You are immune to petrification.


Message History

You sock Menkaure!
You destroy Menkaure!
Your Armour skill increases to level 10!
Found nine items.
Found three altars.
Found a pair of boots, 8 gold pieces and a scroll labelled CONWEOT KEUTAUFIFE.
Found a scroll labelled NUPPIE FOIFFUS and a spear.
The water moccasin hisses angrily.
There is a white marble altar of Elyvilon here.
Found a ring mail.
The water moccasin hisses angrily.
There is a corrupted altar of Lugonu here.
There is a bloodstained altar of Trog here.
Unknown command.
Press < or > to pray at altars.
You kneel at the altar of Trog.
Trog welcomes you!
There is a corrupted altar of Lugonu here.
There is a white marble altar of Elyvilon here.
There is an open door here.
You enter the shallow water.
Moving in this stuff is going to be slow.
Found 15 gold pieces and a scroll labelled QETRIPSUIFA.
Found nine items.
Found five items.
Found six items.
Blink to where?
Press: ? - help, Dir - move target A kraken comes into view.
As you read the scroll of blinking, it crumbles to dust.
You open the door.
Tentacles burst out of the water! 3 tentacles come into view.
Found five items.
The tentacle barely misses you.
There is an open door here.
Found six items.
The tentacle slaps you!!
You see here a +0 short sword.
The tentacle slaps you!
* * * LOW HITPOINT WARNING * * *
You see here a +0 scale mail.
The tentacle slaps you!!
You die...

≈§≈≈≈≈§§▓▓ ▓▓▓▓▓▓▓▓▓▓
!!!$)[$?▓▓ ▓$?$?$$?)▓▓
+.### )▓?[(!!$!?▓▓
...# #▓$[($?$$$▓▓ #^.#
#▓[?)($![)▓▓ +..#
#▓?$")$!(@▓▓ #^.#
#▓(|[[$)w[▓▓
##..####▓!?$:[<[)▓▓
###...##▓▓▓▓▓▓▓\▓▓▓▓+▓
..~~~~~~~~~~~~~.──Xw≈▓
..~#'########+###w≈w≈▓
..~#....._._#S~~##≈≈≈▓
~.~#...._._.#S~≈≈ ###▓
~~~#..._._._#~~~~


You could see a kraken and 3 tentacles.

Vanquished Creatures
  2 wyverns (D)
  Menkaure (D)
  2 water moccasins (D)
  4 necrophages (D)
  4 scorpions (D)
13 creatures vanquished.

Notes
Turn   | Place    | Note
-------+----------+-------------------------------------------
     0 | D        | dialectric the Gargoyle Fighter began the quest for the
                  | Orb.
     0 | D        | Reached XP level 1. HP: 14/14 MP: 1/1
     8 | D        | Noticed a wyvern
     8 | D        | Noticed a wyvern
    15 | D        | Killed a wyvern
    16 | D        | Reached XP level 2. HP: 14/23 MP: 2/2
    16 | D        | Reached XP level 3. HP: 17/28 MP: 3/3
    16 | D        | Reached XP level 4. HP: 20/32 MP: 4/4
    16 | D        | Reached XP level 5. HP: 23/37 MP: 5/5
    22 | D        | Killed a wyvern
    23 | D        | Reached skill level 5 in Maces & Flails
    23 | D        | Reached XP level 6. HP: 5/44 MP: 6/6
    58 | D        | Reached XP level 7. HP: 19/50 MP: 7/7
    67 | D        | Noticed a flying skull
    67 | D        | Noticed a flying skull
    67 | D        | Noticed a flying skull
    67 | D        | Noticed a flying skull
    67 | D        | Noticed a flying skull
    68 | D        | Noticed a flying skull
    68 | D        | Noticed a flying skull
    68 | D        | Noticed a flying skull
    68 | D        | Noticed a flying skull
    69 | D        | Noticed a flying skull
    69 | D        | Noticed a flying skull
    72 | D        | Noticed a flying skull
    75 | D        | Found Hurruman's Assorted Antiques.
    75 | D        | Found Vyarom's Distillery.
    76 | D        | Found Dugiol's Distillery.
    76 | D        | Found Xalilext's Jewellery Shop.
   132 | D        | Reached XP level 8. HP: 51/57 MP: 8/8
   141 | D        | Reached skill level 10 in Fighting
   144 | D        | Found a snail-covered altar of Cheibriados.
   144 | D        | Found a hazy altar of Hepliaklqana.
   145 | D        | Found a shadowy altar of Dithmenos.
   145 | D        | Found a viscous altar of Jiyva.
   146 | D        | Found a white marble altar of Elyvilon.
   146 | D        | Found an ancient bone altar of Kikubaaqudgha.
   146 | D        | Found a sacrificial altar of Ru.
   146 | D        | Noticed Menkaure
   147 | D        | Found a blossoming altar of Fedhas.
   147 | D        | Found a corrupted altar of Lugonu.
   147 | D        | Found a shimmering blue altar of Sif Muna.
   148 | D        | Found an opulent altar of Gozag.
   148 | D        | Found a burning altar of Makhleb.
   148 | D        | Found a bloodstained altar of Trog.
   149 | D        | Found a sparkling altar of Nemelex Xobeh.
   149 | D        | Found a hide-covered altar of Uskayaw.
   149 | D        | Found a basalt altar of Yredelemnul.
   150 | D        | Found an iron altar of Okawaru.
   150 | D        | Found a radiant altar of Vehumet.
   150 | D        | Found a glowing silver altar of Zin.
   150 | D        | Found a shimmering altar of Xom.
   151 | D        | Killed Menkaure
   152 | D        | Reached skill level 10 in Armour
   152 | D        | Found a stormy altar of Qazlal.
   152 | D        | Found an ornate altar of the Wu Jian Council.
   152 | D        | Found a glowing golden altar of the Shining One.
   157 | D        | Became a worshipper of Trog the Wrathful
   168 | D        | Noticed a kraken
   173 | D        | Mangled by a tentacle

Illustrated notes

Levels and vault maps discovered:
D:        the_violet_keep_of_menkaure [sprint2_stairs_cluster_1,
          sprint2_shoproom, sprint2_temple, sprint2_basic_supplies,
          sprint2_obstacle_7, sprint2_obstacle_5, sprint2_obstacle_1,
          sprint2_obstacle_4, sprint2_obstacle_3, sprint2_timed_cluster_1,
          sprint2_smallroom_cluster_1, sprint2_smallroom_final_cluster_1,
          sprint2_transparent_cluster_1, sprint2_second_timed_cluster_1,
          sprint2_sniper_area_1, sprint2_heavy_combat_area_1,
          sprint2_mutation_trap_area_1, sprint2_forest_area_1,
          sprint2_light_combat_area_1, sprint2_behind_water_1,
          sprint2_near_end_vault_1]

Skill      XL: |  1  2  3  4  5  6  7  8 |
---------------+-------------------------+-----
Fighting       | 6 8 9 10 | 10.0
Maces & Flails | 4 5 7 9 |  9.8
Armour         | 7 8 9 10 | 10.0
Shields        | 6 |  6.4
Dodging        | 2 3 4 |  4.9

Action                     |  1- 3 |  4- 6 |  7- 9 || total
---------------------------+-------+-------+-------++-------
  Melee: Flail             |     6 |    14 |    55 ||    75
         Punch             |       |       |     3 ||     3
    Use: Potion            |     1 |     2 |     1 ||     4
         Scroll            |       |       |     1 ||     1
 Armour: Scale mail        |     2 |     4 |    21 ||    27
  Dodge: Dodged            |     4 |     4 |    27 ||    35

Table legend: (Time is in decaauts)
 A = Elapsed time spent in this place.
 B = Non-inter-level travel time spent in this place.
 C = Inter-level travel time spent in this place.
 D = Time resting spent in this place.
 E = Time spent auto-exploring this place.
 F = Levels seen in this place.
 G = Mean time per level.
                   A        B        C        D        E       F      G
               +--------+--------+--------+--------+--------+-----+--------+
         Total |    183 |    183 |      0 |     19 |      0 |   1 |  183.0 |
       Dungeon |    183 |    183 |      0 |     19 |      0 |   1 |  183.0 |
               +--------+--------+--------+--------+--------+-----+--------+

Top non-repeatable levels by time:
       D: 183 daAuts
